 Dungeon Crawl Stone Soup version 0.24-a0-537-g2d01d4ab0a (webtiles) character file.

Game seed: 10374331971981618550

60 DasRunzen the Sneak (level 3, -1/27 HPs)
             Began as a Vampire Wanderer on Aug 13, 2019.
             Slain by an adder (3 damage)
             ... on level 4 of the Dungeon.
             The game lasted 00:03:01 (1147 turns).

DasRunzen the Sneak (Vampire Wanderer)              Turns: 1147, Time: 00:03:02

Health: -1/27      AC:  6    Str:  9    XL:     3   Next: 82%
Magic:  5/5        EV: 10    Int: 16    God:
Gold:   42         SH:  0    Dex: 14    Spells: 4/5 levels left

rFire    . . .     SeeInvis +   a - +0 dagger
rCold    . . .     Gourm    .   (no shield)
rNeg     . . .     Faith    .   b - +0 ring mail
rPois    .         Spirit   .   i - +0 helmet
rElec    .         Reflect  .   (no cloak)
rCorr    .         Harm     .   (no gloves)
MR       .....                  (no boots)
Stlth    ++........             (no amulet)
HPRegen  0.29/turn              (no ring)
MPRegen  0.09/turn              (no ring)

@: lethally poisoned (-1 -> -2), regenerating quickly
A: no food, fangs 3, see invisible, unbreathing
a: Exsanguinate


You were on level 4 of the Dungeon.
You were alive.

You visited 1 branch of the dungeon, and saw 3 of its levels.

You collected 42 gold pieces.

Inventory:

Hand Weapons
 a - a +0 dagger (weapon)
Armour
 b - a +0 ring mail (worn)
 i - a +0 helmet (worn)
Scrolls
 e - 2 scrolls of remove curse
Potions
 d - 2 potions of lignification
 g - a potion of agility {unknown}
 j - a potion of degeneration {unknown}
 k - a potion of mutation {unknown}
 l - a potion of heal wounds {unknown}


   Skills:
 + Level 2.2 Fighting
 + Level 1.4 Short Blades
   Level 1.0 Crossbows
 + Level 1.5 Dodging
 + Level 2.9 Stealth
 + Level 1.7 Spellcasting
   Level 2.1 Charms
   Level 1.5 Fire Magic
   Level 1.0 Evocations


You had 4 spell levels left.
You knew the following spells:

 Your Spells              Type           Power        Failure   Level  Hunger
a - Magic Dart            Conj           #...         52%         1    N/A

Your spell library contained the following spells:

 Spells                   Type           Power        Failure   Level  Hunger
 Blink                    Tloc           N/A          65%         2    N/A
 Call Imp                 Summ           #.......     65%         2    N/A
 Slow                     Hex            #.......     65%         2    N/A
 Conjure Flame            Conj/Fire      #.......     78%         3    N/A
 Mephitic Cloud           Conj/Pois/Air  #.......     87%         3    N/A

Dungeon Overview and Level Annotations

Branches:
Dungeon (2/15)

Altars:


Innate Abilities, Weirdness & Mutations

You do not eat.
Your natural rate of healing is unusually fast.
You have razor-sharp teeth.
You have supernaturally acute eyesight. (SInv)
You can survive without breathing.


Message History

You completely miss the adder. Your bite misses the adder.
The adder is heavily wounded.
You feel sick. The adder closely misses you. The adder barely misses you.
You closely miss the adder.
The adder is heavily wounded.
You feel sick. The adder bites you but does no damage.
You closely miss the adder.
The adder is heavily wounded.
The adder bites you.
* * * LOW HITPOINT WARNING * * *
You closely miss the adder.
The adder is heavily wounded.
You feel sick. The adder bites you.
* * * LOW HITPOINT WARNING * * *
The adder bites you but does no damage.
You barely miss the adder.
The adder is heavily wounded.
* * * LOW HITPOINT WARNING * * *
You feel sick. The adder bites you.
You die...

o#........>..#
........####.#
.#..#......#.#
...#.#.#....###.. #
....................####
....#.#......######.....
....#.)....#%# #>..##
......###..#.####.....#
###... #.......@S...<#
..... #....####.)...#
### ..?...### #...##
..###### #.## ... ...
... ...


You could see an adder.

Vanquished Creatures
  An adder (D:4)
  An ooze (D:4)
  A worm (D:2)
  2 dart slugs (D:1)
  An orc (D:2)
  6 bats
  A giant cockroach (D:1)
  5 goblins
  4 hobgoblins
  6 jackals (D:1)
  3 kobolds (D:1)
  3 frilled lizards (D:2)
  A rat (D:1)
35 creatures vanquished.

Notes
Turn   | Place    | Note
-------+----------+-------------------------------------------
     0 | D:1      | DasRunzen the Vampire Wanderer began the quest for the Orb.
     0 | D:1      | DasRunzen set off with the following items: a +0 dagger, a
                  | +0 ring mail; and the following spell memorised: Magic
                  | Dart; and the following spells available to memorise:
                  | Blink, Call Imp, Slow, Conjure Flame, Mephitic Cloud
     0 | D:1      | Reached XP level 1. HP: 16/16 MP: 2/2
    92 | D:1      | Reached XP level 2. HP: 19/22 MP: 3/3
   343 | D:1      | Reached skill level 1 in Short Blades
   343 | D:1      | Reached skill level 1 in Dodging
   484 | D:1      | Reached XP level 3. HP: 27/27 MP: 5/5
  1066 | D:2      | You fall into a shaft and drop 2 floors!
  1147 | D:4      | Slain by an adder

Levels and vault maps discovered:
D:1:      onia_arrival_pyramid, layout_basic
D:2:      layout_basic, hangedman_glass_teeth, uniq_terence,
          uniq_crazy_yiuf_cottage
D:4:      layout_loops_ring, lemuel_doored_altar,
          nicolae_ru_great_annihilating_truth, minmay_temple_entry_mist,
          first_ration, minmay_pentangle

Skill      XL: |  1  2 |
---------------+-------+-----
Stealth        | 2 |  2.9
Fighting       | 2 |  2.2
Short Blades   | 1 |  1.4
Dodging        | 1 |  1.5
Crossbows      | |  1.0
Spellcasting   | |  1.7
Charms         | |  2.1
Fire Magic     | |  1.5
Evocations     | |  1.0

Action                   || total
-------------------------++-------
Melee: Dagger            ||   234
       Bite              ||    24
  Use: Scroll            ||     5
 Stab: Sleeping          ||     2
Armor: Ring mail         ||    96
Dodge: Dodged            ||   129

Table legend:
 A = Non-vault XP
 B = Vault XP
 C = Vault XP percentage of total XP
 D = Non-vault monster count
 E = Vault monster count
 F = Vault count percentage of total count
                 A         B        C        D         E       F
            +---------+---------+-------+---------+---------+-------
      Total |      87 |       0 |   0.0 |      35 |       0 |   0.0
            +---------+---------+-------+---------+---------+-------
        D:1 |      48 |       0 |   0.0 |      24 |       0 |   0.0
        D:2 |      19 |       0 |   0.0 |       9 |       0 |   0.0
        D:4 |      20 |       0 |   0.0 |       2 |       0 |   0.0
            +---------+---------+-------+---------+---------+-------
